Map: Jagannatha LE

Players

laguz

  • Race: Zerg Zerg
  • League: Silver
  • Spawn Location: 1:00

ViBE - Winner!

  • Race: Protoss Protoss
  • League: Silver
  • Spawn Location: 7:00

VOD

https://youtu.be/YgmLk1V0mX4?list=PLFeZeom2b4DnD3FIu7pzkXl51JX_WWz2h&t=9481

Description

Iaguz Silver 2
Jagannatha LE

Time

  • Played on: March 17, 2021, 10:39 p.m.
  • Length: 14:53
Show
View Real Time Build Order
Export as new Build Order

laguz Zerg 

Build Orders: Pool First, Lurkers 

Get SALT Encoding   

  12  0:01  Drone  
  13  0:27  Spawning Pool  
  12  0:29  Drone  
  12  0:30  Drone  
  14  0:38  Extractor  
  13  0:48  Overlord  
  13  0:56  Drone  
  14  1:09  Drone x2  
  16  1:19  Drone  
  16  1:21  Queen  
  19  1:28  Overlord  
  19  1:35  Zergling x2  
  20  1:40  Metabolic Boost  
  20  1:46  Zergling x2  
  21  1:59  Zergling x2  
  22  2:08  Zergling x2  
  23  2:18  Roach Warren, Zergling x2  
  23  2:28  Hatchery  
  22  2:33  Zergling x2  
  23  2:56  Drone x4  
  27  3:15  Drone  
  30  3:27  Roach  
  30  3:30  Overlord  
  30  3:38  Overlord  
  29  3:56  Drone  
  29  4:00  Drone  
  31  4:14  Spore Crawler  
  30  4:25  Drone x2  
  30  4:26  Drone x3  
  30  4:27  Spore Crawler  
  34  4:42  Drone  
  34  4:43  Drone x4  
  39  4:50  Extractor  
  38  4:53  Drone x2  
  38  4:54  Queen  
  38  4:55  Queen  
  41  5:45  Drone x9  
  49  5:57  Spine Crawler x3  
  48  5:58  Spine Crawler  
  45  6:12  Drone x4  
  45  6:13  Queen  
  51  6:35  Queen, Hatchery  
  52  6:45  Extractor x2, Hatchery  
  49  6:51  Lair  
  49  6:58  Hatchery  
  48  7:11  Pneumatized Carapace  
  48  7:12  Roach  
  48  7:13  Roach  
  52  7:27  Overlord  
  52  7:28  Overlord x7  
  52  7:53  Evolution Chamber  
  51  8:03  Spire, Drone x10  
  60  8:11  Hydralisk Den  
  59  8:20  Burrow  
  59  8:29  Overseer  
  59  8:32  Overseer  
  59  8:40  Hydralisk  
  59  8:41  Hydralisk x4  
  69  9:16  Lurker Den  
  69  9:17  Drone x20  
  88  9:25  Zerg Melee Weapons Level 1  
  88  9:26  Extractor x2  
  86  9:45  Spine Crawler  
  86  9:46  Spine Crawler x2  
  86  9:47  Spine Crawler  
  86  9:51  Spore Crawler  
  81  9:56  Spore Crawler  
  80  10:04  Spore Crawler  
  79  10:08  Corruptor x4  
  79  10:14  Drone x8  
  91  10:15  Drone x5  
  91  10:16  Queen x2  
  91  10:17  Queen x3  
  110  10:23  Lurker  
  110  10:26  Lurker  
  112  10:45  Spine Crawler  
  112  10:47  Lurker, Spine Crawler x3  
  109  10:51  Spore Crawler  
  109  10:52  Queen x4  
  118  11:07  Spine Crawler x2  
  118  11:08  Spine Crawler  
  112  11:15  Hydralisk, Zergling x2  
  112  11:16  Hydralisk x6  
  120  11:20  Overseer x2  
  120  11:21  Overseer  
  120  11:34  Queen  
  120  11:35  Queen  
  108  11:52  Zergling x2, Hydralisk x8  
  108  11:53  Hydralisk x2  
  114  12:07  Spine Crawler  
  105  12:13  Spine Crawler  
  105  12:14  Spine Crawler  
  100  12:16  Spine Crawler  
  100  12:18  Zergling x2  
  100  12:21  Lurker  
  100  12:22  Lurker x2  
  93  12:37  Spine Crawler x3  
  93  12:38  Spine Crawler  
  93  12:40  Spine Crawler  
  77  12:51  Spine Crawler  
  69  12:57  Spine Crawler  
  58  13:12  Spine Crawler  
  58  13:15  Zergling x10  
  58  13:16  Zergling x10  
  37  13:42  Spine Crawler  
  37  13:44  Evolution Chamber  
  37  13:47  Spawning Pool  
  34  14:09  Hatchery, Drone x3  
Show
View Real Time Build Order
Export as new Build Order

ViBE Protoss - Winner!

Build Orders:  

Get SALT Encoding   

  12  0:01  Probe  
  13  0:14  Probe  
  14  0:21  Pylon  
  14  0:26  Probe  
  15  0:39  Probe (Chrono Boost)  
  15  0:42  Gateway  
  16  0:47  Assimilator  
  16  0:52  Probe (Chrono Boost)  
  17  0:58  Probe (Chrono Boost)  
  18  1:07  Probe  
  19  1:19  Probe  
  20  1:31  Zealot  
  20  1:32  Probe  
  23  1:33  Pylon  
  23  1:40  Cybernetics Core  
  23  1:41  Gateway  
  23  1:50  Assimilator  
  23  1:51  Probe  
  24  2:03  Probe  
  25  2:15  Nexus  
  25  2:18  Probe (Chrono Boost)  
  26  2:26  Stalker  
  28  2:30  Probe (Chrono Boost)  
  28  2:36  Pylon  
  29  2:39  Probe (Chrono Boost)  
  29  2:42  Warp Gate  
  30  2:46  Probe (Chrono Boost)  
  31  2:54  Sentry  
  31  2:58  Probe (Chrono Boost)  
  34  3:02  Stalker  
  36  3:07  Probe (Chrono Boost), Pylon  
  37  3:15  Probe  
  38  3:24  Pylon  
  38  3:28  Probe x2 (Chrono Boost)  
  38  3:32  Robotics Facility  
  40  3:38  Stalker  
  43  3:42  Probe (Chrono Boost)  
  43  3:44  Probe (Chrono Boost)  
  43  3:48  Stalker  
  46  3:53  Shield Battery  
  46  3:56  Pylon  
  46  3:59  Probe x2  
  48  4:11  Probe (Chrono Boost)  
  48  4:13  Probe (Chrono Boost)  
  50  4:20  Observer  
  50  4:23  Probe (Chrono Boost)  
  53  4:29  Probe (Chrono Boost)  
  53  4:31  Probe (Chrono Boost)  
  54  4:32  Stalker  
  54  4:33  Stalker, Pylon  
  54  4:36  Probe  
  59  4:41  Probe  
  59  4:44  Immortal  
  64  4:48  Probe  
  65  4:54  Probe  
  66  5:00  Probe  
  67  5:13  Probe x2  
  68  5:14  Stalker  
  68  5:15  Stalker  
  68  5:20  Assimilator, Nexus  
  72  5:22  Assimilator  
  72  5:26  Pylon  
  72  5:29  Pylon  
  72  5:32  Probe  
  72  5:33  Probe  
  74  5:38  Stalker  
  74  5:39  Stalker  
  76  5:44  Probe (Chrono Boost)  
  76  5:45  Probe (Chrono Boost)  
  78  5:56  Probe (Chrono Boost)  
  78  5:57  Probe (Chrono Boost)  
  80  6:05  Probe x2  
  80  6:10  Stalker x2  
  86  6:14  Immortal  
  86  6:17  Probe x2 (Chrono Boost)  
  92  6:19  Pylon  
  92  6:24  Forge  
  92  6:25  Forge  
  92  6:27  Twilight Council  
  92  6:29  Probe (Chrono Boost)  
  92  6:30  Probe (Chrono Boost)  
  94  6:38  Probe x3 (Chrono Boost)  
  97  6:46  Probe (Chrono Boost)  
  99  6:47  Gateway x2  
  99  6:48  Probe (Chrono Boost)  
  99  6:50  Gateway  
  99  6:51  Probe (Chrono Boost)  
  99  6:52  Probe (Chrono Boost)  
  101  6:55  Probe  
  102  7:09  Nexus  
  102  7:11  Probe x3  
  102  7:15  Stalker  
  107  7:16  Stalker, Immortal  
  113  7:23  Probe x3  
  113  7:26  Protoss Ground Weapons Level 1 (Chrono Boost)  
  113  7:27  Protoss Shields Level 1 (Chrono Boost)  
  116  7:40  Probe x3, Pylon  
  116  7:43  Pylon  
  119  7:53  Pylon  
  119  7:58  Pylon  
  119  8:00  Probe x2  
  119  8:01  Probe  
  119  8:03  Pylon  
  119  8:04  Immortal  
  126  8:06  Stalker x2  
  126  8:10  Assimilator  
  126  8:11  Assimilator  
  131  8:12  Probe  
  131  8:13  Probe  
  131  8:19  Probe  
  133  8:23  Probe  
  133  8:25  Probe x2  
  136  8:30  Stalker x2  
  136  8:31  Probe  
  141  8:35  Probe  
  142  8:43  Immortal  
  142  8:45  Gateway  
  142  8:48  Gateway  
  146  8:50  Gateway  
  146  8:55  Gateway  
  146  8:57  Gateway  
  146  8:58  Nexus  
  146  8:59  Gateway  
  146  9:00  Pylon  
  146  9:01  Templar Archives  
  146  9:02  Pylon  
  146  9:14  Stalker, Assimilator x2  
  146  9:15  Stalker  
  150  9:25  Protoss Shields Level 2 (Chrono Boost), Protoss Ground Weapons Level 2 (Chrono Boost)  
  150  9:30  Immortal  
  154  9:36  Gateway  
  154  9:38  Gateway  
  154  9:40  Gateway  
  154  9:42  Gateway  
  154  9:48  Stalker  
  154  9:49  Stalker x3  
  154  9:50  Stalker x2  
  154  9:51  Stalker  
  168  9:53  Stalker  
  170  10:09  Immortal  
  174  10:21  Stalker x2  
  178  10:30  Stalker x2  
  178  10:31  Stalker x3  
  178  10:32  Stalker x3  
  178  10:34  Stalker  
  196  10:37  Stalker  
  198  11:09  Gateway  
  198  11:11  Gateway  
  196  11:13  Gateway  
  196  11:17  Robotics Facility  
  196  11:18  Gateway  
  194  11:19  Gateway x2  
  194  11:20  Gateway  
  194  11:22  Gateway  
  194  11:25  Gateway  
  194  11:26  Gateway  
  194  11:27  Gateway  
  194  11:29  Gateway  
  194  11:32  Stalker x2  
  196  11:33  Stalker, Assimilator  
  196  11:38  Assimilator  
  200  11:40  Protoss Ground Weapons Level 3 (Chrono Boost), Protoss Shields Level 3 (Chrono Boost)  
  188  12:01  Stalker x2  
  190  12:02  Stalker x3  
  190  12:03  Stalker  
  200  12:19  Pylon  
  200  12:23  Pylon  
  200  12:36  Stalker  
  194  12:52  Nexus  
  194  12:55  Pylon  
  194  12:58  Pylon  
  188  13:01  Observer x2  
  189  13:09  Stalker x2  
  189  13:10  Stalker x2  
  189  13:11  Stalker  
  199  13:43  Photon Cannon  
  199  13:46  Photon Cannon  
  199  13:48  Photon Cannon, Shield Battery  
  199  13:50  Photon Cannon  
  199  13:52  Shield Battery  
  199  13:58  Photon Cannon  
  199  14:01  Photon Cannon  
  199  14:02  Shield Battery  
  199  14:03  Photon Cannon  
  199  14:06  Photon Cannon  
  199  14:07  Shield Battery  
  199  14:08  Photon Cannon  
  199  14:11  Photon Cannon x2  
  199  14:14  Photon Cannon, Shield Battery  
  199  14:16  Shield Battery  
  200  14:52  Assimilator  
Tags
 
Composition
Lurkers
Matchup
PvZ
Opening
Pool First
Player
ViBE
Spawn Locations
Cross Positions
Add a new tag
Caveats
  • Supply blocks, unpowered buildings, or Contaminate may cause inaccurate times.
  • Supply counts are checked every 10 seconds.